 Dungeon Crawl Stone Soup version 0.26.0-45-g9c1d065592 (webtiles) character file.

Game seed: 5518048250236478957

40 trckry the Bolt Thrower (level 3, 0/21 HPs)
             Began as a Tengu Hunter on Jan 31, 2021.
             Succumbed to an adder's poison
             ... on level 2 of the Dungeon.
             The game lasted 00:02:21 (1021 turns).

trckry the Bolt Thrower (Tengu Hunter)              Turns: 1021, Time: 00:02:22

Health: 0/21       AC:  8    Str: 13    XL:     3   Next: 50%
Magic:  4/4        EV:  6    Int: 11    God:
Gold:   59         SH:  0    Dex: 14    Spells: 2/2 levels left

rFire    + . .     SeeInvis .   b - +1 whip (elec)
rCold    + . .     Faith    .   (no shield)
rNeg     . . .     Spirit   .   l - +0 chain mail
rPois    +         Reflect  .   (helmet restricted)
rElec    +         Harm     .   (no cloak)
rCorr    +         Rampage  .   (no gloves)
Will     .....                  (boots unavailable)
Stlth    ..........             (no amulet)
HPRegen  0.07/turn              e - ring of wizardry
MPRegen  0.09/turn              (no ring)

@: lethally poisoned (0 -> -9), resistant
A: beak, talons 3
a: no special abilities


You were on level 2 of the Dungeon.
You visited 1 branch of the dungeon, and saw 2 of its levels.

You collected 59 gold pieces.

Inventory:

Hand Weapons
 a - a +1 hand crossbow
 b - a +1 whip of electrocution (weapon)
Missiles
 d - 38 bolts
Armour
 l - a +0 chain mail (worn)
Jewellery
 e - a ring of wizardry (left hand)
Scrolls
 c - a scroll of amnesia {unknown}
 f - a scroll of remove curse {unknown}
 i - a scroll of identify {unknown}
 j - a scroll of fear {unknown}
 k - a scroll of immolation {unknown}
Potions
 g - a potion of attraction {unknown}
 h - a potion of resistance
 m - a potion of haste {unknown}
 n - a potion of might {unknown}
 o - a potion of brilliance {unknown}


   Skills:
 + Level 2.2 Fighting
 + Level 0.7 Staves
 * Level 4.8 Crossbows
 + Level 0.6 Armour
 + Level 2.4 Dodging
 - Level 1.0 Stealth
 + Level 0.8 Invocations
 + Level 0.9 Evocations


You had 2 spell levels left.
You didn't know any spells.
Your spell library was empty.

Dungeon Overview and Level Annotations

Branches:
Dungeon (2/15)

Altars:
Gozag
Qazlal


Innate Abilities, Weirdness & Mutations

You have a beak for a mouth.
You have claws for feet.


Message History

The adder poisons you! The giant cockroach bites you.
You are too injured to fight recklessly!
You are too injured to fight recklessly!
You miss the adder.
The adder is almost dead.
You feel sick. The adder bites you but does no damage.
The giant cockroach bites you. The adder bites you but does no damage.
The jackal bites you but does no damage.
The giant cockroach bites you but does no damage.
You feel sick. The adder bites you.
You feel sick. The jackal bites you.
* * * LOW HITPOINT WARNING * * *
The adder bites you.
* * * LOW HITPOINT WARNING * * *
You are more poisoned.
The adder poisons you! The jackal barely misses you.
It was a potion of resistance.
You feel protected.
You die...

#......#..###...#####
##.........# #.#.#
.#........#.# #.#.##
........##..###.#..##
#.....##.###..##..#
#........###.####.#
#.....#......####.###
#.....#......##.....##
#...)..#@...†##.8...8.#
#..######hS.<..#.......###
.. ##..B........._.....# .
##...).....#.......#..
#..........#.8...8.###
#.........[##.....## #
#)..........###.### #.
#............... #.
#............... ..


You could see an adder, a jackal and a giant cockroach.

Vanquished Creatures
  A dart slug (D:1)
  A leopard gecko (D:1)
  2 giant cockroaches
  6 goblins
  2 hobgoblins
  A jackal (D:2)
  6 kobolds
  A quokka (D:2)
  2 ball pythons
  9 bats (D:1)
  A frilled lizard (D:1)
  A rat (D:2)
33 creatures vanquished.

Notes
Turn   | Place    | Note
-------+----------+-------------------------------------------
     0 | D:1      | trckry the Tengu Hunter began the quest for the Orb.
     0 | D:1      | Reached XP level 1. HP: 12/12 MP: 2/2
   147 | D:1      | Reached XP level 2. HP: 16/17 MP: 3/3
   298 | D:1      | You fall into a shaft and drop 1 floor!
   298 | D:2      | Found an opulent altar of Gozag.
   631 | D:1      | Reached XP level 3. HP: 19/21 MP: 4/4
   879 | D:2      | Found a stormy altar of Qazlal.
  1020 | D:2      | HP: 1/21 [adder (4)]
  1021 | D:2      | Succumbed to an adder's poison

Illustrated notes

Levels and vault maps discovered:
D:1:      kennysheep_arrival_forest, layout_basic
D:2:      layout_rooms, overflow_temple_1_default, grunt_gozag_statues,
          old_standard_altar, uniq_sigmund

Action                   || total
-------------------------++-------
Melee: Short sword       ||     7
       Kick              ||    19
       Whip              ||    62
       Peck              ||     8
  Use: Potion            ||     1
 Stab: Sleeping          ||     1
Armor: Leather armour    ||     5
       Chain mail        ||    32
Dodge: Dodged            ||    35
